 Dungeon Crawl Stone Soup version 0.21-a0-401-g0b6bec4 (webtiles) character file.

2874 tidbits the Magician (level 9, 71/71 HPs)
             Began as a Gnoll Skald on Oct 19, 2017.
             Was a Priest of Cheibriados.
             Quit the game on level 6 of the Dungeon on Oct 21, 2017.
             The game lasted 00:29:47 (2560 turns).

tidbits the Magician (Gnoll Skald)                  Turns: 2560, Time: 00:29:48

Health: 71/71      AC: 10    Str: 21    XL:     9   Next: 76%
Magic:  19/19      EV: 16    Int: 24    God:    Cheibriados [***...]
Gold:   119        SH:  0    Dex: 20    Spells: 10/21 levels left

rFire    + . .     SeeInvis .   a - +0 hand axe (freeze)
rCold    . . .     Gourm    .   (no shield)
rNeg     . . .     Faith    .   B - +2 ring mail {rF+}
rPois    +         Spirit   .   (no helmet)
rElec    .         Reflect  .   (no cloak)
rCorr    .         Harm     .   G - +1 pair of gloves
MR       .....                  (no boots)
Stlth    ++........             (no amulet)
HPRegen  0.21/turn              T - ring of poison resistance
MPRegen  0.16/turn              Y - +3 ring of slaying

@: very slow
A: distributed training, fangs 1, hooves 2, deterioration 1, sense surroundings
1, strong nose
a: Bend Time, Temporal Distortion, Renounce Religion


You were on level 6 of the Dungeon.
You worshipped Cheibriados.
Cheibriados was most pleased with you.
You were not hungry.

You visited 2 branches of the dungeon, and saw 9 of its levels.

You collected 326 gold pieces.
You spent 207 gold pieces at shops.

Inventory:

Hand Weapons
 a - a +0 hand axe of freezing (weapon)
   (You bought it in a shop on level 5 of the Dungeon)
 g - a +4 blowgun
 h - a +0 spear of freezing
   (You found it on level 1 of the Dungeon)
 i - a +1 whip of electrocution
   (You took it off a gnoll on level 6 of the Dungeon)
 z - a +0 scythe
 F - a +0 trident of venom
   (You took it off an orc on level 5 of the Dungeon)
 L - a +0 hunting sling
 N - a cursed +0 flail
 R - a +1 hand axe
 V - a +0 war axe
 W - a +0 hand crossbow
Missiles
 f - 111 arrows
 m - 102 stones (quivered)
 n - 25 bolts
 D - 30 sling bullets
 P - a throwing net {!f}
 S - 34 poisoned needles
Armour
 q - a +1 plate armour of cold resistance
   (You found it on level 2 of the Dungeon)
 y - a +0 large shield of cold resistance
   (You found it on level 3 of the Dungeon)
 B - a +2 ring mail of fire resistance (worn)
   (You found it on level 6 of the Dungeon)
 G - a +1 pair of gloves (worn)
 Q - a +0 leather armour
Jewellery
 j - an uncursed ring of teleportation
   (You found it on level 1 of the Dungeon)
 M - the amulet "Zurion" {Inacc rPois rF+++ Int-5 Stlth+}
   (You found it on level 5 of the Dungeon)

   [amulet of inaccuracy]

   It reduces the accuracy of all your attacks.
   It affects your intelligence (-5).
   It renders you almost immune to fire.
   It protects you from poison.
   It makes you more stealthy.
 T - a ring of poison resistance (left hand)
   (You found it on level 7 of the Dungeon)
 Y - a +3 ring of slaying (right hand)
   (You found it on level 2 of the Dungeon)
Wands
 o - a wand of paralysis (7/24)
 K - a wand of paralysis (11/24)
Scrolls
 b - a scroll of identify {unknown}
 e - a scroll of blinking {unknown}
 p - a scroll of recharging {unknown}
 r - 3 scrolls of remove curse
 t - a scroll of fear
 v - a scroll of fog {unknown}
 w - a scroll of magic mapping
 I - 4 scrolls of teleportation {unknown}
 O - a scroll of amnesia {unknown}
 U - a scroll of enchant armour {unknown}
Potions
 l - a potion of agility {unknown}
 u - 3 potions of might
 x - 2 potions of flight {unknown}
 A - a potion of mutation {!q}
 C - a potion of heal wounds
 E - 2 potions of lignification {unknown}
 H - a potion of degeneration {unknown}
Books
 c - a book of Battle

   Spells                             Type                      Level
   a - Infusion                       Charms                       1
   b - Shroud of Golubria             Charms/Translocation         2
   c - Song of Slaying                Charms                       2
   d - Spectral Weapon                Hexes/Charms                 3
   e - Regeneration                   Charms/Necromancy            3
Comestibles
 d - 4 bread rations
 k - 2 royal jellies
 s - 6 fruits
 J - 3 meat rations


   Skills:
 + Level 6.5 Fighting
 + Level 4.4 Short Blades
 + Level 4.4 Long Blades
 + Level 6.5 Axes
 + Level 4.4 Maces & Flails
 + Level 4.4 Polearms
 + Level 4.4 Staves
 + Level 4.4 Slings
 + Level 4.4 Bows
 + Level 4.4 Crossbows
 + Level 4.4 Throwing
 + Level 5.2 Armour
 + Level 6.5 Dodging
 + Level 4.4 Stealth
 + Level 4.4 Shields
 + Level 4.4 Unarmed Combat
 + Level 6.8 Spellcasting
 + Level 3.7 Conjurations
 + Level 3.7 Hexes
 + Level 6.6 Charms
 + Level 3.7 Summonings
 + Level 3.7 Necromancy
 + Level 3.7 Translocations
 + Level 3.7 Transmutations
 + Level 3.7 Fire Magic
 + Level 3.7 Ice Magic
 + Level 3.7 Air Magic
 + Level 3.7 Earth Magic
 + Level 3.7 Poison Magic
 + Level 4.9 Invocations
 + Level 4.4 Evocations


You had 10 spell levels left.
You knew the following spells:

 Your Spells              Type           Power        Failure   Level  Hunger
g - Shroud of Golubria    Chrm/Tloc      ####......   1%          2    None
i - Infusion              Chrm           ####         1%          1    None
r - Regeneration          Chrm/Necr      ####......   4%          3    None
w - Spectral Weapon       Hex/Chrm       ####....     4%          3    None
y - Song of Slaying       Chrm           #####...     1%          2    None


Dungeon Overview and Level Annotations

Branches:
Dungeon (8/15)             Temple (1/1) D:4
   Lair: D:8-11

Altars:
Ashenzari
Cheibriados
Dithmenos
Fedhas
Gozag
Hepliaklqana
Kikubaaqudgha
Makhleb
Ru
Sif Muna
Uskayaw
Wu Jian
Xom
Zin
The Shining One

Shops:
D:5 (


Innate Abilities, Weirdness & Mutations

Your experience applies equally to all skills.
You have very sharp teeth.
Your uncanny sense of smell can sniff out nearby items.
You have hoof-like feet.
Your body sometimes deteriorates upon taking damage.
You passively map a small area around you.


Message History

You barely miss the jackal. You kick the jackal.
You kill the jackal!
Cheibriados thoroughly appreciates the change of pace.
You hit the worker ant zombie.
The worker ant zombie completely misses you.
You slash the worker ant zombie! You kick the worker ant zombie!
The worker ant zombie is almost destroyed.
Your spectral weapon hits the worker ant zombie!
You destroy the worker ant zombie!
Cheibriados appreciates the change of pace.
You see here a hand crossbow.
W - a hand crossbow Search for what [Enter for "armour", or ? for help]? bolt Magic restored.
Your spectral weapon fades away.
There is a stone staircase leading down here.
You climb downwards.
There is a stone staircase leading up here.
There is a stone staircase leading up here.
You climb upwards.
There is a stone staircase leading down here.
An adder and a crimson imp come into view.
Found 19 gold pieces.
The crimson imp summons a swarm of flies.
The crimson imp blinks!
Casting: Spectral Weapon
Confirm with . or Enter, or press ? or * to list all spells.
You draw out your weapon's spirit!
The adder barely misses you. The adder bites you.
You closely miss the adder. You kick the adder!
You kill the adder!
Cheibriados thoroughly appreciates the change of pace.
You can now warp the flow of time around you.
You swap places.
You see here an adder corpse.
The crimson imp blinks!
The crimson imp hits your spectral weapon.
Your spectral weapon shares its damage with you!
You swap places.
The crimson imp misses you. The crimson imp barely misses you.
You closely miss the crimson imp. You bite the crimson imp.
The crimson imp is moderately wounded.
The crimson imp closely misses you.
You hit the crimson imp. You freeze the crimson imp. You kick the crimson imp.
The crimson imp is almost dead.
The crimson imp hits you but does no damage.
You closely miss the crimson imp. You kick the crimson imp.
You kill the crimson imp!
Cheibriados thoroughly appreciates the change of pace.
You swap places.
You see here 19 gold pieces.
You now have 119 gold pieces (gained 19).
Your spectral weapon fades away.
An iguana comes into view.
The iguana hisses angrily.
Casting: Spectral Weapon
Confirm with . or Enter, or press ? or * to list all spells.
You draw out your weapon's spirit!
The iguana barely misses you.
You hit the iguana but do no damage.
Your spectral weapon hits the iguana.
The iguana seems to slow down.
Your spectral weapon freezes the iguana.
The iguana barely misses you.
You slash the iguana! You freeze the iguana. You kick the iguana.
You kill the iguana!
Magic restored.
A quokka skeleton comes into view.
The quokka skeleton bites you.
You barely miss the quokka skeleton. Your kick misses the quokka skeleton.
Your spectral weapon fades away.
The quokka skeleton closely misses you.
You hit the quokka skeleton. You kick the quokka skeleton.
You destroy the quokka skeleton!
Cheibriados thoroughly appreciates the change of pace.
A crimson imp comes into view.
The crimson imp shouts!
The crimson imp summons a swarm of flies.
The crimson imp blinks!
You hit the crimson imp. You freeze the crimson imp.
You kick the crimson imp, but do no damage.
The crimson imp is moderately wounded.
The crimson imp hits you.
You closely miss the crimson imp. Your punch misses the crimson imp.
The crimson imp is moderately wounded.
The crimson imp completely misses you.
You hit the crimson imp. You freeze the crimson imp.
Your kick misses the crimson imp. Your bite misses the crimson imp.
The crimson imp is severely wounded.
The crimson imp hits you.
You hit the crimson imp. You freeze the crimson imp.
Your kick misses the crimson imp.
You bite the crimson imp, but do no damage.
The crimson imp is almost dead.
The crimson imp closely misses you.
You barely miss the crimson imp. You bite the crimson imp.
You kill the crimson imp!
Cheibriados appreciates the change of pace.
HP restored.
There is a stone staircase leading up here.
You climb upwards.
There is a stone staircase leading down here.
Are you sure you want to abandon this character and quit the game? (Confirm with "yes".)

.... , * #. #..#####* *
#.##..#...#* #
###.......#.##.###
#................. #
#...........#.........##
#......#.#..#.........##
#......#.#............##
#......@..............''
#........#.####.........
#....#...#.# #.........
##....#...### ##.........
#...........# #....†.....
#...........# #..)...#...
#...........###.).)..#...
#....................'...
#(......(............#...


There were no monsters in sight!

Vanquished Creatures
  Pikel (D:4)
  Sigmund (D:4)
  Eustachio (D:5)
  Menkaure (D:7)
  A necrophage (D:6)
  An orc warrior (D:4)
  4 phantoms
  A slave (D:4)
  An ogre (D:5)
  3 centaurs
  A bullfrog (D:6)
  A wyvern zombie (D:7)
  2 scorpions
  2 howler monkeys
  3 crimson imps
  A bullfrog zombie (D:6)
  A centaur zombie (D:5)
  3 orc wizards
  4 hounds
  A bullfrog skeleton (D:6)
  3 worker ants
  5 iguanas
  A killer bee zombie (D:6)
  A hound zombie (D:7)
  A worker ant zombie (D:7)
  3 adders
  7 gnolls (D:6)
  2 shadow imps
  An adder skeleton (D:4)
  A worm (D:3)
  4 dart slugs
  3 leopard geckos
  9 orcs
  3 ball pythons
  10 giant cockroaches
  7 goblins
  5 hobgoblins
  21 jackals
  3 quokkas
  11 bats
  2 frilled lizards
  A giant cockroach zombie (D:5)
  A kobold (D:2)
  A leopard gecko skeleton (D:4)
  A quokka skeleton (D:7)
  3 rats
144 creatures vanquished.

Vanquished Creatures (others)
  2 spectral weapons
2 creatures vanquished.

Grand Total: 146 creatures vanquished

Notes
Turn   | Place    | Note
-------+----------+-------------------------------------------
     0 | D:1      | tidbits the Gnoll Skald began the quest for the Orb.
     0 | D:1      | Reached XP level 1. HP: 20/20 MP: 6/6
   111 | D:1      | Reached XP level 2. HP: 12/26 MP: 0/7
   120 | D:1      | Learned a level 2 spell: Song of Slaying
   123 | D:1      | Learned a level 2 spell: Shroud of Golubria
   249 | D:1      | Reached XP level 3. HP: 16/31 MP: 5/9
   259 | D:1      | Learned a level 3 spell: Regeneration
   283 | D:1      | Learned a level 3 spell: Spectral Weapon
   288 | D:1      | Reached skill level 5 in Spellcasting
   481 | D:2      | Reached skill level 1 in Invocations
   586 | D:2      | Reached skill level 1 in Short Blades
   586 | D:2      | Reached skill level 1 in Long Blades
   586 | D:2      | Reached skill level 1 in Maces & Flails
   586 | D:2      | Reached skill level 1 in Polearms
   586 | D:2      | Reached skill level 1 in Staves
   586 | D:2      | Reached skill level 1 in Slings
   586 | D:2      | Reached skill level 1 in Bows
   586 | D:2      | Reached skill level 1 in Crossbows
   586 | D:2      | Reached skill level 1 in Throwing
   586 | D:2      | Reached skill level 1 in Stealth
   586 | D:2      | Reached skill level 1 in Shields
   586 | D:2      | Reached skill level 1 in Unarmed Combat
   586 | D:2      | Reached skill level 1 in Evocations
   605 | D:2      | Found a glowing silver altar of Zin.
   633 | D:2      | Reached XP level 4. HP: 38/38 MP: 3/11
   710 | D:4      | Noticed a phantom
   719 | D:4      | Reached skill level 1 in Conjurations
   719 | D:4      | Reached skill level 1 in Hexes
   719 | D:4      | Reached skill level 1 in Summonings
   719 | D:4      | Reached skill level 1 in Necromancy
   719 | D:4      | Reached skill level 1 in Translocations
   719 | D:4      | Reached skill level 1 in Transmutations
   719 | D:4      | Reached skill level 1 in Fire Magic
   719 | D:4      | Reached skill level 1 in Ice Magic
   719 | D:4      | Reached skill level 1 in Air Magic
   719 | D:4      | Reached skill level 1 in Earth Magic
   719 | D:4      | Reached skill level 1 in Poison Magic
   754 | D:3      | Reached XP level 5. HP: 21/43 MP: 0/12
  1054 | D:4      | Found a transporter.
  1054 | D:4      | Noticed Sigmund
  1058 | D:4      | Noticed a phantom
  1064 | D:4      | Killed Sigmund
  1064 | D:4      | Reached skill level 3 in Armour
  1064 | D:4      | Reached skill level 2 in Invocations
  1064 | D:4      | Reached XP level 6. HP: 50/50 MP: 2/14
  1068 | D:4      | Reached skill level 5 in Fighting
  1068 | D:4      | Reached skill level 2 in Short Blades
  1068 | D:4      | Reached skill level 2 in Long Blades
  1068 | D:4      | Reached skill level 5 in Axes
  1068 | D:4      | Reached skill level 2 in Maces & Flails
  1068 | D:4      | Reached skill level 2 in Polearms
  1068 | D:4      | Reached skill level 2 in Staves
  1068 | D:4      | Reached skill level 2 in Slings
  1068 | D:4      | Reached skill level 2 in Bows
  1068 | D:4      | Reached skill level 2 in Crossbows
  1068 | D:4      | Reached skill level 2 in Throwing
  1068 | D:4      | Reached skill level 5 in Dodging
  1068 | D:4      | Reached skill level 2 in Stealth
  1068 | D:4      | Reached skill level 2 in Shields
  1068 | D:4      | Reached skill level 2 in Unarmed Combat
  1068 | D:4      | Reached skill level 2 in Evocations
  1095 | D:4      | Killed a phantom
  1098 | D:4      | Found a transporter.
  1100 | D:4      | Noticed a phantom
  1100 | D:4      | Noticed an orc warrior
  1100 | D:4      | Found a shattered altar of Ashenzari.
  1100 | D:4      | Found a deep blue altar of Sif Muna.
  1109 | D:4      | Reached XP level 7. HP: 25/56 MP: 2/15
  1113 | D:4      | Gained mutation: You have large cloven feet. [potion of mutation]
  1113 | D:4      | Gained mutation: You have hoof-like feet. [potion of mutation]
  1113 | D:4      | Gained mutation: Your body sometimes deteriorates upon taking damage. [potion of mutation]
  1113 | D:4      | Gained mutation: You passively map a small area around you. [potion of mutation]
  1120 | D:4      | Reached skill level 2 in Conjurations
  1120 | D:4      | Reached skill level 2 in Hexes
  1120 | D:4      | Reached skill level 2 in Summonings
  1120 | D:4      | Reached skill level 2 in Necromancy
  1120 | D:4      | Reached skill level 2 in Translocations
  1120 | D:4      | Reached skill level 2 in Transmutations
  1120 | D:4      | Reached skill level 2 in Fire Magic
  1120 | D:4      | Reached skill level 2 in Ice Magic
  1120 | D:4      | Reached skill level 2 in Air Magic
  1120 | D:4      | Reached skill level 2 in Earth Magic
  1120 | D:4      | Reached skill level 2 in Poison Magic
  1141 | D:4      | Upgraded the game from 0.21-a0-396-ga924934 to 0.21-a0-400-g417d9d2
  1178 | D:5      | Entered Level 5 of the Dungeon
  1215 | D:4      | Noticed Pikel
  1246 | D:4      | Killed Pikel
  1246 | D:4      | Reached skill level 3 in Short Blades
  1246 | D:4      | Reached skill level 3 in Long Blades
  1246 | D:4      | Reached skill level 3 in Maces & Flails
  1246 | D:4      | Reached skill level 3 in Polearms
  1246 | D:4      | Reached skill level 3 in Staves
  1246 | D:4      | Reached skill level 3 in Slings
  1246 | D:4      | Reached skill level 3 in Bows
  1246 | D:4      | Reached skill level 3 in Crossbows
  1246 | D:4      | Reached skill level 3 in Throwing
  1246 | D:4      | Reached skill level 4 in Armour
  1246 | D:4      | Reached skill level 3 in Stealth
  1246 | D:4      | Reached skill level 3 in Shields
  1246 | D:4      | Reached skill level 3 in Unarmed Combat
  1246 | D:4      | Reached skill level 6 in Charms
  1246 | D:4      | Reached skill level 3 in Invocations
  1246 | D:4      | Reached skill level 3 in Evocations
  1246 | D:4      | Reached XP level 8. HP: 25/63 MP: 2/16
  1265 | D:4      | Found an ancient bone altar of Kikubaaqudgha.
  1280 | D:4      | Found a staircase to the Ecumenical Temple.
  1286 | Temple   | Entered the Ecumenical Temple
  1305 | Temple   | Became a worshipper of Cheibriados the Contemplative
  1353 | D:4      | Reached skill level 6 in Spellcasting
  1457 | D:5      | Found an ornate altar of the Wu Jian Council.
  1644 | D:5      | Upgraded the game from 0.21-a0-400-g417d9d2 to 0.21-a0-401-g0b6bec4
  1665 | D:5      | Got a glittering jade amulet
  1666 | D:5      | Identified the amulet "Zurion" {Inacc rPois rF+++ Int-5 Stlth+} (You found it on level 5 of the Dungeon)
  1722 | D:5      | Reached * piety under Cheibriados
  1794 | D:6      | Reached skill level 3 in Conjurations
  1794 | D:6      | Reached skill level 3 in Hexes
  1794 | D:6      | Reached skill level 3 in Summonings
  1794 | D:6      | Reached skill level 3 in Necromancy
  1794 | D:6      | Reached skill level 3 in Translocations
  1794 | D:6      | Reached skill level 3 in Transmutations
  1794 | D:6      | Reached skill level 3 in Fire Magic
  1794 | D:6      | Reached skill level 3 in Ice Magic
  1794 | D:6      | Reached skill level 3 in Air Magic
  1794 | D:6      | Reached skill level 3 in Earth Magic
  1794 | D:6      | Reached skill level 3 in Poison Magic
  1794 | D:6      | Reached skill level 4 in Invocations
  1843 | D:6      | Reached skill level 6 in Fighting
  1843 | D:6      | Reached skill level 6 in Axes
  1843 | D:6      | Reached skill level 6 in Dodging
  1843 | D:6      | Reached XP level 9. HP: 49/69 MP: 9/18
  2042 | D:6      | Found a glowing golden altar of the Shining One.
  2048 | D:6      | Reached skill level 4 in Short Blades
  2048 | D:6      | Reached skill level 4 in Long Blades
  2048 | D:6      | Reached skill level 4 in Maces & Flails
  2048 | D:6      | Reached skill level 4 in Polearms
  2048 | D:6      | Reached skill level 4 in Staves
  2048 | D:6      | Reached skill level 4 in Slings
  2048 | D:6      | Reached skill level 4 in Bows
  2048 | D:6      | Reached skill level 4 in Crossbows
  2048 | D:6      | Reached skill level 4 in Throwing
  2048 | D:6      | Reached skill level 4 in Stealth
  2048 | D:6      | Reached skill level 4 in Shields
  2048 | D:6      | Reached skill level 4 in Unarmed Combat
  2048 | D:6      | Reached skill level 4 in Evocations
  2085 | D:5      | Noticed Eustachio
  2104 | D:5      | Killed Eustachio
  2116 | D:5      | Reached ** piety under Cheibriados
  2153 | D:5      | Found Jazy Rofaus's Antique Weapon Shoppe.
  2157 | D:5      | Bought a glowing hand axe for 108 gold pieces
  2157 | D:5      | Bought a runed blowgun for 99 gold pieces
  2317 | D:7      | Noticed Menkaure
  2323 | D:7      | Killed Menkaure
  2323 | D:7      | Reached skill level 5 in Armour
  2480 | D:7      | Reached *** piety under Cheibriados
  2560 | D:6      | Quit the game

Vault maps used:
D:1:      nagdon_arrival_double_spiral
D:2:      overflow_temple_1_default, elyvilon_altar_3, minmay_curled_crystal
D:3:      lemuel_zombie_altar_yredelemnul, st_stairs_9
D:4:      kiku_gazebo_pond_becter, gammafunk_temple_overflow_arena,
          minmay_temple_entry_steel_oval, first_bread,
          nemelex_diamond_rough_becter, uniq_pikel, uniq_sigmund
D:5:      gammafunk_temple_overflow_statue, kennysheep_mini, serial_shops,
          nicolae_shop_trees, basic_altar, uniq_eustachio
D:6:      tso_altar
D:7:      uniq_menkaure
D:8:      gammafunk_steamed_eel, dpeg_oklobed_lair
Temple:   eino_temple_lava

Skill      XL: |  1  2  3  4  5  6  7  8  9 |
---------------+----------------------------+-----
Spellcasting   | 5 6 |  6.8
Invocations    | 1 2 3 4 |  4.9
Short Blades   | 1 2 3 4 |  4.4
Long Blades    | 1 2 3 4 |  4.4
Maces & Flails | 1 2 3 4 |  4.4
Polearms       | 1 2 3 4 |  4.4
Staves         | 1 2 3 4 |  4.4
Slings         | 1 2 3 4 |  4.4
Bows           | 1 2 3 4 |  4.4
Crossbows      | 1 2 3 4 |  4.4
Throwing       | 1 2 3 4 |  4.4
Stealth        | 1 2 3 4 |  4.4
Shields        | 1 2 3 4 |  4.4
Unarmed Combat | 1 2 3 4 |  4.4
Evocations     | 1 2 3 4 |  4.4
Conjurations   | 1 2 3 |  3.7
Hexes          | 1 2 3 |  3.7
Summonings     | 1 2 3 |  3.7
Necromancy     | 1 2 3 |  3.7
Translocations | 1 2 3 |  3.7
Transmutations | 1 2 3 |  3.7
Fire Magic     | 1 2 3 |  3.7
Ice Magic      | 1 2 3 |  3.7
Air Magic      | 1 2 3 |  3.7
Earth Magic    | 1 2 3 |  3.7
Poison Magic   | 1 2 3 |  3.7
Armour         | 3 4 5 |  5.2
Fighting       | 5 6 |  6.5
Axes           | 5 6 |  6.5
Dodging        | 5 6 |  6.5
Charms         | 6 |  6.6

Action                   |  1- 3 |  4- 6 |  7- 9 || total
-------------------------+-------+-------+-------++-------
Melee: Hand axe          |   133 |    57 |   168 ||   358
       Bite              |    11 |     1 |    32 ||    44
       Kick              |       |       |    60 ||    60
       Punch             |       |       |     4 ||     4
 Cast: Infusion          |     4 |     1 |       ||     5
       Shroud of Golubri |     1 |     1 |     1 ||     3
       Spectral Weapon   |     7 |    10 |    32 ||    49
       Song of Slaying   |     1 |     2 |     4 ||     7
       Regeneration      |     1 |       |     7 ||     8
Evoke: Wand              |       |       |     2 ||     2
  Use: Potion            |       |     1 |     2 ||     3
       Scroll            |       |       |     5 ||     5
 Stab: Sleeping          |     1 |       |     1 ||     2
       Paralysed         |       |       |     1 ||     1
       Distracted        |       |       |     4 ||     4
  Eat: Chunk             |       |     2 |     6 ||     8
Armor: Leather armour    |    51 |    17 |    16 ||    84
       Ring mail         |       |       |    27 ||    27
Dodge: Dodged            |   144 |    56 |   198 ||   398

Table legend:
 A = Spawn XP
 B = Non-spawn XP
 C = Spawn XP percentage of total XP
 D = Spawn monster count
 E = Non-spawn monster count
 F = Spawn count percentage of total count
 G = Total turns spent on level
                    A         B        C        D         E        F      G
               +---------+---------+-------+---------+---------+-------+---------
         Total |       0 |    4107 |   0.0 |       0 |     143 |   0.0 |  2560
               +---------+---------+-------+---------+---------+-------+---------
           D:1 |       0 |      55 |   0.0 |       0 |      28 |   0.0 |   466
           D:2 |       0 |      41 |   0.0 |       0 |      18 |   0.0 |   182
           D:3 |       0 |      48 |   0.0 |       0 |      16 |   0.0 |   356
           D:4 |       0 |    1501 |   0.0 |       0 |      14 |   0.0 |   366
           D:5 |       0 |     700 |   0.0 |       0 |      18 |   0.0 |   482
           D:6 |       0 |     912 |   0.0 |       0 |      23 |   0.0 |   339
           D:7 |       0 |     850 |   0.0 |       0 |      26 |   0.0 |   331
               +---------+---------+-------+---------+---------+-------+---------

Table legend:
 A = Turns spent in this place as a percentage of turns spent in the entire game.
 B = Non-inter-level travel turns spent in this place as a percentage of non-inter-level travel turns spent in the entire game.
 C = Inter-level travel turns spent in this place as a percentage of turns spent in this place.
 D = Turns resting spent in this place as a percentage of non-inter-level travel turns spent in this place.
 E = Turns spent auto-exploring this place as a percentage of non-inter-level travel turns spent in this place.
 F = Non-inter-level travel turns spent in this place divided by the number of levels of this place that you've seen.
                   A       B       C       D       E      F
               +-------+-------+-------+-------+-------+----------------------
         Total | 100.0 | 100.0 |   0.3 |   0.0 |   0.0 | 283.6
       Dungeon |  98.8 |  99.1 |   0.0 |   0.0 |   0.0 | 316.2
        Temple |   1.2 |   0.9 |  26.7 |   0.0 |   0.0 |  22.0
               +-------+-------+-------+-------+-------+----------------------

Table legend:
 A = Kills in this place as a percentage of kills in entire the game.
 B = Kills by you in this place as a percentage of kills by you in the entire game.
 C = Kills by friends in this place as a percentage of kills by friends in the entire game.
 D = Other kills in this place as a percentage of other kills in the entire game.
 E = Experience gained in this place as a percentage of experience gained in the entire game.
 F = Experience gained in this place divided by the number of levels of this place that you have seen.
                   A       B       C       D       E      F
               +-------+-------+-------+-------+-------+----------------------
         Total | 100.0 | 100.0 |   N/A |   N/A | 100.0 | 456.3
       Dungeon | 100.0 | 100.0 |   N/A |   N/A | 100.0 | 513.4
               +-------+-------+-------+-------+-------+----------------------

Vault maps used:
D:1:      nagdon_arrival_double_spiral
D:2:      overflow_temple_1_default, elyvilon_altar_3, minmay_curled_crystal
D:3:      lemuel_zombie_altar_yredelemnul, st_stairs_9
D:4:      kiku_gazebo_pond_becter, gammafunk_temple_overflow_arena,
          minmay_temple_entry_steel_oval, first_bread,
          nemelex_diamond_rough_becter, uniq_pikel, uniq_sigmund
D:5:      gammafunk_temple_overflow_statue, kennysheep_mini, serial_shops,
          nicolae_shop_trees, basic_altar, uniq_eustachio
D:6:      tso_altar
D:7:      uniq_menkaure
D:8:      gammafunk_steamed_eel, dpeg_oklobed_lair
Temple:   eino_temple_lava
